Map: Dusk Towers

Players

Smastian - Winner!

  • Race: Protoss Protoss
  • League: Gold

ImmortalZodd

  • Race: Zerg Zerg
  • League: Silver

VOD

Have the link to the VOD?

Description

Time

  • Played on: Jan. 29, 2016, 2:32 a.m.
  • Length: 10:15
Show
View Real Time Build Order
Export as new Build Order

Smastian Protoss - Winner!

Build Orders: 1 Gate Expand 

Get SALT Encoding   

  12  0:01  Probe (Chrono Boost)  
  13  0:11  Probe (Chrono Boost)  
  14  0:18  Pylon  
  14  0:23  Probe (Chrono Boost)  
  15  0:36  Probe (Chrono Boost)  
  15  0:40  Gateway  
  16  0:46  Assimilator  
  16  0:47  Probe (Chrono Boost)  
  17  0:58  Probe (Chrono Boost)  
  18  1:08  Probe (Chrono Boost)  
  19  1:21  Nexus  
  19  1:32  Cybernetics Core  
  19  1:42  Gateway  
  19  1:48  Probe (Chrono Boost)  
  20  2:02  Pylon  
  20  2:12  Adept (Chrono Boost)  
  22  2:22  Mothership Core  
  24  2:26  Pylon  
  24  2:31  Adept (Chrono Boost)  
  28  2:39  Adept (Chrono Boost)  
  28  2:43  Probe  
  28  2:47  Probe  
  30  2:53  Probe  
  30  2:54  Warp Gate (Chrono Boost)  
  31  2:59  Probe  
  32  3:13  Gateway  
  32  3:19  Probe  
  32  3:20  Probe  
  34  3:27  Adept x2  
  34  3:30  Probe  
  34  3:33  Probe  
  35  4:08  Adept  
  35  4:09  Adept x2  
  39  4:11  Probe  
  39  4:14  Probe  
  41  4:22  Gateway  
  41  4:25  Probe  
  42  4:39  Assimilator  
  42  4:46  Gateway  
  42  4:48  Pylon  
  42  4:50  Probe  
  42  4:52  Probe  
  44  4:58  Twilight Council  
  44  5:01  Probe  
  44  5:03  Forge  
  44  5:04  Probe  
  44  5:05  Pylon  
  46  5:11  Adept x3  
  52  5:17  Adept  
  54  5:28  Probe  
  54  5:30  Probe  
  54  5:32  Assimilator  
  56  5:36  Assimilator  
  56  5:38  Adept  
  56  5:39  Adept x3  
  50  6:05  Adept x2  
  50  6:06  Adept  
  56  6:23  Probe  
  56  6:24  Probe  
  58  6:30  Adept x2  
  62  6:41  Pylon  
  62  6:44  Probe, Pylon  
  62  6:46  Probe  
  62  6:57  Robotics Facility  
  62  6:58  Probe  
  62  6:59  Probe  
  64  7:07  Resonating Glaives (Chrono Boost)  
  64  7:19  Zealot x3  
  64  7:20  Zealot x2  
  70  7:46  Immortal  
  68  8:15  Zealot  
  70  8:25  Pylon  
  70  8:28  Pylon  
  70  8:36  Nexus  
  70  8:39  Pylon  
  70  8:41  Pylon  
  70  8:43  Immortal  
  70  8:44  Pylon  
  70  8:45  Pylon  
  74  8:51  Pylon  
  74  8:52  Pylon  
  74  8:55  Zealot x4  
  78  8:56  Pylon, Zealot  
  84  9:12  Robotics Facility  
  84  9:14  Pylon  
  84  9:23  Adept x3  
  84  9:24  Adept x2  
  94  9:30  Gateway  
  94  9:31  Gateway  
  94  9:34  Gateway  
  94  9:39  Gateway  
  94  9:41  Gateway  
  94  9:48  Pylon  
  94  9:55  Templar Archives  
  94  9:57  Pylon  
Show
View Real Time Build Order
Export as new Build Order

ImmortalZodd Zerg 

Build Orders: Pool First, Zergling Baneling 

Get SALT Encoding   

  12  0:02  Drone  
  13  0:08  Drone  
  14  0:17  Overlord  
  15  0:35  Drone  
  15  0:36  Drone x2  
  17  0:53  Extractor  
  16  0:57  Drone x2  
  16  0:58  Spawning Pool  
  17  1:18  Hatchery  
  16  1:26  Drone x2  
  16  1:30  Drone  
  19  1:40  Drone  
  19  1:46  Queen  
  22  1:52  Overlord  
  22  2:03  Overlord  
  22  2:13  Drone  
  23  2:17  Metabolic Boost  
  23  2:24  Baneling Nest  
  23  2:28  Queen  
  24  2:32  Drone x2  
  24  2:35  Drone  
  27  2:41  Zergling x2  
  28  2:46  Drone  
  29  2:55  Drone  
  29  2:57  Drone  
  31  3:00  Drone x3  
  34  3:16  Drone x3  
  37  3:22  Drone  
  37  3:25  Zergling x2  
  39  3:29  Zergling x4  
  39  3:30  Zergling x2  
  42  3:38  Zergling x4  
  39  3:57  Zergling x2  
  39  3:58  Zergling x10  
  39  4:01  Zergling x2  
  42  4:08  Baneling  
  42  4:09  Baneling x9  
  42  4:10  Baneling  
  42  4:11  Zergling x4  
  42  4:12  Overlord x2  
  44  4:30  Zergling x2  
  44  4:31  Zergling x4  
  47  4:37  Zergling x4  
  49  4:44  Drone, Roach Warren  
  49  4:45  Drone x3  
  52  5:01  Drone x4  
  52  5:06  Extractor  
  55  5:08  Extractor  
  54  5:28  Evolution Chamber  
  54  5:30  Extractor  
  54  5:31  Evolution Chamber  
  42  5:58  Roach x3  
  42  5:59  Roach x6  
  42  6:00  Roach x2  
  42  6:01  Roach  
  57  6:11  Zerg Missile Weapons Level 1  
  57  6:12  Zerg Ground Armor Level 1  
  57  6:18  Roach  
  59  6:32  Lair  
  59  6:46  Roach  
  59  6:56  Overlord x2  
  59  6:57  Overlord x8  
  59  7:15  Spine Crawler x2  
  57  7:20  Spine Crawler, Roach  
  52  7:49  Roach x4  
  52  7:50  Roach  
  54  7:57  Roach  
  54  7:58  Roach  
  44  8:16  Roach  
  44  8:17  Roach x3  
  52  8:33  Roach  
  54  8:37  Roach  
  56  8:43  Roach  
  58  8:59  Spire  
  57  9:04  Roach  
  57  9:06  Drone  
  57  9:09  Drone  
  61  9:15  Drone  
  62  9:22  Roach  
  62  9:23  Roach  
  66  9:37  Roach  
  66  9:38  Roach x2  
  72  9:45  Roach x2  
  76  9:52  Roach x2  
Tags
 
Add a new tag
Caveats
  • Supply blocks, unpowered buildings, or Contaminate may cause inaccurate times.
  • Supply counts are checked every 10 seconds.